 Dungeon Crawl Stone Soup version 0.30-a0-1123-gabc949cf19 (webtiles) character file.

Game seed: 14652313529823386892

31 Arzdou the Trooper (level 3, 33/33 HPs)
             Began as a Draconian Cinder Acolyte on Apr 22, 2023.
             Was a High Priest of Ignis.
             Quit the game on level 1 of the Dungeon.
             The game lasted 00:01:31 (1083 turns).

Arzdou the Trooper (Draconian Cinder Acolyte)       Turns: 1083, Time: 00:01:31

Health: 33/33      AC:  5    Str: 16    XL:     3   Next: 7%
Magic:  2/4        EV: 11    Int: 16    God:    Ignis [*****.]
Gold:   44         SH:  0    Dex:  6    Spells: 2/4 levels left

rFire   + .          .
                       - Unarmed
rCold   . . .        (no shield)
rNeg    . . .        (body armour unavailable)
rPois   .            (helmet restricted)
rElec   .            (no cloak)
rCorr   .            (no gloves)
SInv    .            (no boots)
Will    .....        (no amulet)
Stlth   +            (no ring)
HPRegen 0.25/turn    (no ring)
MPRegen 0.09/turn

%: no passive effects
@: no status effects
A: AC +5, unfitting armour, cold-blooded
a: Renounce Religion, Fiery Armour, Foxfire Swarm, Rising Flame


You were on level 1 of the Dungeon.
You worshipped Ignis.
Ignis was extremely pleased with you.
You visited 1 branch of the dungeon, and saw 1 of its levels.

You collected 44 gold pieces.

Inventory:

Scrolls
 b - a scroll of blinking {unknown}
 c - a scroll of vulnerability {unknown}
 d - a scroll of teleportation {unknown}
Potions
 a - 2 potions of lignification {unknown}


   Skills:
 + Level 3.7 Fighting
 * Level 3.3 Unarmed Combat
 + Level 1.0 Spellcasting
 + Level 3.5 Fire Magic


You had 2 spell levels left.
You knew the following spells:

 Your Spells              Type           Power      Damage    Failure   Level
a - Scorch                Fire           24%        2d6       8%          2

Your spell library contained the following spells:

 Spells                   Type           Power      Damage    Failure   Level


Dungeon Overview and Level Annotations

Branches:
Dungeon (1/15)

Altars:


Innate Abilities, Weirdness & Mutations

Your plain brown scales are hard. (AC +5)
You cannot fit into any form of body armour.
You are cold-blooded and may be slowed by cold attacks.


Message History

Flames lash the kobold.
You kill the kobold!
Things that are here:
a +0 short sword; a kobold corpse A rat comes into view.
Flames lash the rat.
The rat is severely wounded.
The rat's fire resistance burns away.
A rat is nearby!
You hit the rat.
You kill the rat!
You have reached level 3!
Your experience leads to an increase in your attributes!
Increase (S)trength, (I)ntelligence, or (D)exterity?
You feel clever. x2; Your scales feel tougher.
A ball python comes into view.
The ball python hisses angrily.
Flames lash the ball python.
You kill the ball python!
No target in view!
You now have 44 gold pieces (gained 4).
As you open the door, it creaks loudly!
Found a scroll labelled MOGOEF NEING.
There is an open door here.
d - a scroll labelled MOGOEF NEING A bat comes into view.
The bat hits you but does no damage.
Flames lash the bat.
The bat is moderately wounded.
The bat's fire resistance burns away.
The bat barely misses you. The bat hits you but does no damage.
Flames lash the bat.
The bat is burned terribly!
You kill the bat!
A rat comes into view.
You can't see any susceptible monsters within range! (Use Z to cast anyway.) Flames lash the rat.
You kill the rat!
You hear a shout!
A kobold comes into view. It is wielding a +0 whip.
Are you sure you want to abandon this character and quit the game? (Confirm with "yes".)

##.......##
##.##.# #.
##.....##
#######.# #.
##...## #...###.#
##
##+######.......#
# .........#####
# ######..## # #.
#..# #
.#...#####..# #
.....†.@....# ##
...........## #.
K.#.######.# #. #
#.# #. ..# ## ###


You could see a kobold.

Vanquished Creatures
  3 ball pythons (D:1)
  5 bats (D:1)
  An endoplasm (D:1)
  A giant cockroach (D:1)
  4 goblins (D:1)
  2 hobgoblins (D:1)
  2 kobolds (D:1)
  2 quokkas (D:1)
  2 frilled lizards (D:1)
  5 rats (D:1)
27 creatures vanquished.

Notes
Turn   | Place    | Note
-------+----------+-------------------------------------------
     0 | D:1      | Arzdou the Draconian Cinder Acolyte began the quest for the
                  | Orb.
     0 | D:1      | Reached XP level 1. HP: 19/19 MP: 2/2
    95 | D:1      | Reached XP level 2. HP: 19/26 MP: 3/3
   217 | D:1      | Learned a level 2 spell: Scorch
   716 | D:1      | Reached XP level 3. HP: 33/33 MP: 1/4
  1083 | D:1      | Quit the game

Illustrated notes

Levels and vault maps discovered:
D:1:      dpeg_arrival_pits, layout_loops_corners, minmay_octomino_e4

Action                     || total
---------------------------++-------
  Melee: Unarmed           ||    53
         Tailslap          ||     6
         Punch             ||     2
   Cast: Scorch            ||    12
 Armour: Skin              ||    19
  Dodge: Dodged            ||    40

Table legend: (Time is in decaauts)
 A = Elapsed time spent in this place.
 B = Non-inter-level travel time spent in this place.
 C = Inter-level travel time spent in this place.
 D = Time resting spent in this place.
 E = Time spent auto-exploring this place.
 F = Levels seen in this place.
 G = Mean time per level.
                   A        B        C        D        E       F      G
               +--------+--------+--------+--------+--------+-----+--------+
         Total |   1080 |   1080 |      0 |      0 |    949 |   1 | 1080.0 |
       Dungeon |   1080 |   1080 |      0 |      0 |    949 |   1 | 1080.0 |
               +--------+--------+--------+--------+--------+-----+--------+

Top non-repeatable levels by time:
     D:1: 1080 daAuts
